 Dungeon Crawl Stone Soup version 0.19-a0-1225-gf887c1c (webtiles) character file.

5 glosham the Skirmisher (level 1, -4/18 HPs)
             Began as a Merfolk Abyssal Knight on Aug 25, 2016.
             Was a Follower of Lugonu.
             Slain by a small abomination (21 damage)
             ... on level 2 of the Abyss.
             The game lasted 00:02:07 (115 turns).

glosham the Skirmisher (Merfolk Abyssal Knight)      Turns: 115, Time: 00:02:08

Health: -4/18      AC:  3    Str: 12    XL:     1   Next: 80%
Magic:  2/2        EV: 12    Int: 11    God:    Lugonu [*.....]
Gold:   14         SH:  0    Dex: 13    Spells: 0 memorised, 0 levels left

rFire  . . .     SeeInvis .     a - +1 spear
rCold  . . .     Gourm    .     b - +0 leather armour
rNeg   . . .     Faith    .     (no shield)
rPois  .         Spirit   .     (no helmet)
rElec  .         Dismiss  .     (no cloak)
rCorr  .         Reflect  .     (no gloves)
MR     .....     Harm     .     (no boots)
Stlth  ++........               (no amulet)
                                (no ring)
                                (no ring)

@: no status effects
A: change form in water, swift swim
a: Depart the Abyss, Renounce Religion


You were on level 2 of the Abyss.
You worshipped Lugonu.
Lugonu was aware of your devotion.
You were not hungry.

You visited 0 branches of the dungeon, and saw 0 of its levels.
You visited the Abyss 1 time.

You collected 14 gold pieces.

Inventory:

Hand Weapons
 a - a +1 spear (weapon)
Armour
 b - a +0 leather armour (worn)
Comestibles
 c - a bread ration


   Skills:
 - Level 3.2 Fighting
 - Level 3.0 Polearms
 - Level 0.6 Armour
 - Level 2.6 Dodging
 + Level 1.6 Stealth
 - Level 2.0 Invocations


You couldn't memorise any spells.
You didn't know any spells.

Dungeon Overview and Level Annotations

Branches:
Dungeon (0/15)

Altars:


Message History

You see here a scroll labeled SAROINYOGO.
d - a scroll labeled SAROINYOGO
As you read the scroll labeled SAROINYOGO, it crumbles to dust.
You feel blessed for a moment.
It was a scroll of remove curse.
A wretched star comes into view.
An ufetubus comes into view.
The ufetubus shouts!
You miss the ufetubus. The ufetubus closely misses you. x2
You hit the ufetubus.
The ufetubus is heavily wounded.
The ufetubus barely misses you. x2
The ufetubus hits you but does no damage.
The ufetubus hits you.
You miss the ufetubus.
The ufetubus is heavily wounded.
The ufetubus closely misses you. x2
You hit the ufetubus.
The ufetubus is severely wounded.
The ufetubus barely misses you. x3
The ufetubus hits you but does no damage.
You miss the ufetubus.
The ufetubus is severely wounded.
The ufetubus closely misses you. The ufetubus completely misses you.
You closely miss the ufetubus.
The ufetubus is severely wounded.
The ufetubus closely misses you.
The ufetubus hits you but does no damage.
You miss the ufetubus.
The ufetubus is severely wounded.
The ufetubus completely misses you. The ufetubus barely misses you.
The ufetubus hits you but does no damage.
The ufetubus barely misses you.
A tentacled starspawn comes into view.
You hit the ufetubus.
You kill the ufetubus!
Your Stealth skill increases to level 1!
A small abomination comes into view.
The small abomination hits you!!
Ouch! That really hurt!
You die...

#X.#.## #..#.## .
#. #.# ##.....##
#.# .
.#.....###.#...####
. . X ##
#....#...#...#.#
.....#.#.##.......
#..#. #...##.....##
## #.
###....#....##
#..#.##...≈...
#..##.#@..## ###
##x#......#
###≈≈≈≈≈.. ..≈##..
..#.. # .##.#. #. .
. # #


You could see a small abomination.

Vanquished Creatures
  An ufetubus (Abyss:2)
1 creature vanquished.

Notes
Turn   | Place    | Note
-------+----------+-------------------------------------------
     0 | Abyss:1  | glosham the Merfolk Abyssal Knight began the quest for the Orb.
     0 | Abyss:1  | Reached XP level 1. HP: 18/18 MP: 2/2
    77 | Abyss:2  | Noticed a wretched star
    98 | Abyss:2  | Noticed a tentacled starspawn
    99 | Abyss:2  | Reached skill level 1 in Stealth
   107 | Abyss:2  | Noticed a small abomination
   115 | Abyss:2  | Slain by a small abomination

Vault maps used:
Abyss:2:  evilmike_abyss_exit_11

Skill      XL: |  1 |
---------------+----+-----
Stealth        | 1 |  1.6
Fighting       | |  3.2
Polearms       | |  3.0
Armour         | |  0.6
Dodging        | |  2.6
Invocations    | |  2.0

Action                   || total
-------------------------++-------
Melee: Spear             ||     8
  Use: Scroll            ||     1
Armor: Leather armour    ||     4
Dodge: Dodged            ||    15

Table legend:
 A = Turns spent in this place as a percentage of turns spent in the entire game.
 B = Non-inter-level travel turns spent in this place as a percentage of non-inter-level travel turns spent in the entire game.
 C = Inter-level travel turns spent in this place as a percentage of turns spent in this place.
 D = Turns resting spent in this place as a percentage of non-inter-level travel turns spent in this place.
 E = Turns spent auto-exploring this place as a percentage of non-inter-level travel turns spent in this place.
 F = Non-inter-level travel turns spent in this place divided by the number of levels of this place that you've seen.
                   A       B       C       D       E      F
               +-------+-------+-------+-------+-------+----------------------
         Total | 100.0 | 100.0 |   0.0 |   0.0 |   0.0 |  59.0
         Abyss | 100.0 | 100.0 |   0.0 |   0.0 |   0.0 |  59.0
               +-------+-------+-------+-------+-------+----------------------

Table legend:
 A = Kills in this place as a percentage of kills in entire the game.
 B = Kills by you in this place as a percentage of kills by you in the entire game.
 C = Kills by friends in this place as a percentage of kills by friends in the entire game.
 D = Other kills in this place as a percentage of other kills in the entire game.
 E = Experience gained in this place as a percentage of experience gained in the entire game.
 F = Experience gained in this place divided by the number of levels of this place that you have seen.
                   A       B       C       D       E      F
               +-------+-------+-------+-------+-------+----------------------
         Total | 100.0 | 100.0 |  -nan |  -nan | 100.0 |   4.0
         Abyss | 100.0 | 100.0 |  -nan |  -nan | 100.0 |   4.0
               +-------+-------+-------+-------+-------+----------------------

Vault maps used:
Abyss:2:  evilmike_abyss_exit_11
